cohdb
Replays
Latest Replays
All Replays
Popular Replays
Top Player Replays
Match Explorer
How It Works
Community
CoH3 Stats
Reddit
Sign in to upload your games and track your stats! →
Sign in with Steam
Match 37627159
Unlisted
Match 37627159
Overview
Messages
Build Orders
End
Construct Weapon Support Center
Scout Squad
M1919 Machine Gun Team
M1919 Machine Gun Team
Selects Special Operations Battlegroup
Selects M29 Weasel Recon Vehicle
Bazooka Squad
Infantry Support Center
Construct Medical Station
Construct Medical Station
M29 Weasel Recon Vehicle
Selects Raiding Flares
M3 Armored Personnel Carrier
Raiding Flares
Max1boy
SneaKerz
gb_gbg
Greif 250
Tirorero
WilmOmatiK
0
0
Comments
sign in to comment!
No comments posted yet!